AoeStats
← tavoo

Arabia

507831849Analyzed
1v1 RM · 14d ago on Sep 19, 2026· 44m 45s· 2 players
Game mode
Random Map
Map size
Tiny (2 player)
Population
200
Speed
Normal
Resources
Standard
Victory
Conquest
Starting age
Dark Age
Ending age
Imperial Age
RankedLock teamsTeams togetherTeam positionsShared explorationLock speedFull tech treeHidden civsTurbo modeCheats
Victory
Defeat
🇭🇰 Koreans · Hong Kong SAR China
1421
+15
🇲🇽 Saracens · Mexico
1400
-15
tavoo
5:00 Loom
9:50 Feudal Age
10:28 Double-Bit Axe
16:20 Fletching
17:08 Padded Archer Armor
21:31 Castle Age
21:18 Gold Mining
21:18 Horse Collar
22:47 Bodkin Arrow
22:58 Elite Skirmisher
25:51 Leather Archer Armor
26:30 Ballistics
26:26 Heavy Plow
29:48 Wheelbarrow
29:33 Bow Saw
31:43 Scale Barding Armor
34:30 Stone Mining
36:13 Fervor
36:17 Redemption
40:07 Imperial Age
38:51 Scale Mail Armor
39:12 Chain Barding Armor
40:08 Husbandry
40:18 Bloodlines
40:22 Forging
41:04 Hand Cart
40:54 Bracer
41:38 Block Printing
42:36 Chemistry
43:41 Town Watch
phlui1122
5:41 Loom
9:27 Feudal Age
11:10 Double-Bit Axe
16:08 Horse Collar
16:56 Fletching
22:58 Castle Age
21:08 Gold Mining
23:23 Wheelbarrow
23:05 Elite Skirmisher
23:41 Bodkin Arrow
24:23 Bow Saw
26:09 Squires
26:20 Scale Mail Armor
27:51 Thumb Ring
28:13 Ballistics
32:45 Gambesons
33:03 Town Watch
34:14 Hand Cart
40:05 Imperial Age
41:05 Bracer
42:07 Chemistry
41:56 Conscription
45:01 Eupseong
Connection lost

Rejoining the realm…

Still unreachable

The connection could not be restored.

Session expired

The server has moved on; the page needs a fresh start.